 Dungeon Crawl Stone Soup version 0.26-a0-833-g7262b39652 (webtiles) character file.

Game seed: 5962592529881010844

36670 Meder the Geomancer (level 13, -1/81 HPs)
             Began as a Gargoyle Earth Elementalist on Nov 15, 2020.
             Was a High Priest of Vehumet.
             Slain by an Executioner (8 damage)
             ... on level 1 of the Abyss on Nov 16, 2020.
             The game lasted 00:58:00 (21306 turns).

Meder the Geomancer (Gargoyle Earth Elementalist)  Turns: 21306, Time: 00:58:01

Health: -1/81      AC: 19    Str: 13    XL:     13   Next: 91%
Magic:  3/26       EV: 14    Int: 32    God:    Vehumet [*****.]
Gold:   2333       SH:  0    Dex: 10    Spells: 9/30 levels left

rFire    + . .     SeeInvis .   I - +8 morningstar
rCold    . . .     Faith    .   (no shield)
rNeg     + . .     Spirit   .   J - +0 troll leather armour
rPois    ∞         Reflect  .   (no helmet)
rElec    +         Harm     .   r - +0 cloak
rCorr    .         Rampage  .   x - +2 pair of gloves
MR       .....                  (no boots)
Stlth    ++........             (no amulet)
HPRegen  1.03/turn              u - +6 ring of intelligence
MPRegen  0.20/turn              H - +6 ring of intelligence

@: studying 2 skills
A: big wings, fire resistance 1, negative energy resistance 1, regeneration 1,
electricity resistance, wild magic 1, unbreathing, petrification resistance, rot
immunity, AC +9
a: Fly, Renounce Religion


You were on level 1 of the Abyss.
You worshipped Vehumet.
Vehumet was extremely pleased with you.
You visited 3 branches of the dungeon, and saw 19 of its levels.
You visited the Abyss 1 time.
You also visited: Bailey.

You collected 2333 gold pieces.

Inventory:

Hand Weapons
 c - a +0 dire flail of protection
 e - a +2 flail of holy wrath
 f - the +5 mace "Qitzatid" {freeze, rElec Str-3 Dex+4 SInv}
   (You found it on level 4 of the Dungeon)

   It has been specially enchanted to freeze those struck by it, causing extra
   injury to most foes and up to half again as much damage against particularly
   susceptible opponents.
   It can also slow down cold-blooded creatures.
   It affects your strength (-3).
   It affects your dexterity (+4).
   It insulates you from electricity.
   It lets you see invisible.
 I - a +8 morningstar (weapon)
Missiles
 b - 128 stones (quivered)
 t - 2 throwing nets
Armour
 r - a +0 cloak (worn)
 x - a +2 pair of gloves (worn)
 J - a +0 troll leather armour (worn)
Jewellery
 u - a +6 ring of intelligence (left hand)
 D - an uncursed ring of wizardry
 H - a +6 ring of intelligence (right hand)
 L - an uncursed ring of ice
Wands
 h - a wand of digging (2)
 k - a wand of enslavement (21)
 s - a wand of iceblast (21)
 E - a wand of paralysis (1)
 F - a wand of polymorph (10)
 G - a wand of flame (29)
Scrolls
 d - 3 scrolls of amnesia
 i - 3 scrolls of teleportation
 l - 3 scrolls of blinking
 n - 9 scrolls of remove curse
 v - 4 scrolls of enchant armour
 A - a scroll of magic mapping
 B - 4 scrolls of identify
 K - a scroll of immolation
Potions
 g - a potion of resistance
 j - a potion of brilliance
 m - 4 potions of haste
 o - 7 potions of lignification
 q - 4 potions of attraction
 z - a potion of cancellation
 C - a potion of mutation
 M - a potion of might
Books
 p - a manual of Shields
 w - a manual of Fighting
Miscellaneous
 y - a phantom mirror


   Skills:
 + Level 9.7 Fighting
 + Level 6.8 Maces & Flails
 - Level 6.0 Armour
 + Level 5.9 Dodging
 - Level 2.1 Stealth
 + Level 9.4 Spellcasting
 + Level 10.3 Conjurations
 - Level 0.7 Transmutations
 * Level 7.9 Fire Magic
 + Level 12.1 Earth Magic
 + Level 6.1 Evocations


You had 9 spell levels left.
You knew the following spells:

 Your Spells              Type           Power        Failure   Level
a - Sandblast             Erth           ######       1%          1
b - Stone Arrow           Conj/Erth      ######       1%          3
c - Lee's Rapid Deconstr  Erth           #######...   1%          5
d - Fireball              Conj/Fire      #######...   1%          5
e - Passwall              Tmut/Erth      ######..     1%          2
f - Irradiate             Conj/Tmut      ######....   4%          5

Your spell library contained the following spells:

 Spells                   Type           Power        Failure   Level
 Foxfire                  Conj/Fire      ####         1%          1
 Conjure Flame            Conj/Fire      #######.     1%          3
 Inner Flame              Hex/Fire       ######..     1%          3
 Sticky Flame             Conj/Fire      #######.     1%          4
 Petrify                  Tmut/Erth      ######..     4%          4
 Summon Small Mammal      Summ           ###.         7%          1
 Call Imp                 Summ           ###.....     10%         2
 Call Canine Familiar     Summ           ###.....     17%         3
 Summon Guardian Golem    Hex/Summ       ###.....     17%         3
 Summon Ice Beast         Ice/Summ       ###.....     45%         4
 Summon Lightning Spire   Summ/Air       ###.....     45%         4


Dungeon Overview and Level Annotations

Branches:
Dungeon (15/15)            Temple (1/1) D:6            Lair (3/6) D:11
    Orc (0/2) D:9          Vaults (0/5) D:14         Bailey (visited)
  Swamp: Lair:2-4    Shoals: Lair:2-4     Snake: Lair:2-4    Spider: Lair:2-4
 Depths: D:15

Altars:
Ashenzari
Cheibriados
Dithmenos
Elyvilon
Fedhas
Gozag
Hepliaklqana
Kikubaaqudgha
Makhleb
Nemelex Xobeh
Okawaru
Qazlal
Ru
Sif Muna
Trog
Uskayaw
Vehumet
Wu Jian
Xom
Yredelemnul
Zin
The Shining One
Lugonu

Shops:
D:8 :   D:9 }   D:10 :

Annotations:
D:7 2 transporters, Perttuleena's ghost, novice TrAK
Lair:3 Sonja


Innate Abilities, Weirdness & Mutations

You are resistant to torment.
Your stone body is resilient. (AC +9)
You are immune to poison.
You resist negative energy. (rN+)
You are resistant to electric shocks. (rElec)
You can survive without breathing.
You are immune to petrification.
You are immune to rotting.
Your large and strong wings let you fly indefinitely.
Your flesh is heat resistant. (rF+)
Your natural rate of healing is unusually fast.
Your spells are a little harder to cast, but a little more powerful.


Message History

The Executioner misses you. The Executioner hits you!!
* * * LOW HITPOINT WARNING * * *
The Executioner closely misses you. The Executioner misses you.
The Executioner hits you.
* * * LOW HITPOINT WARNING * * *
The Executioner hits you.
* * * LOW HITPOINT WARNING * * *
The Executioner hits you but does no damage.
Unknown command.
Casting: Stone Arrow (safe; 1% risk of failure)
Confirm with . or Enter, or press ? or * to list all spells.
Aiming: Stone Arrow (safe; 1% risk of failure)
Press: ? - help, Shift-Dir - straight line, f/p - Executioner
Aim: an Executioner (heavily wounded, fast)
The stone arrow hits the Executioner!
The Executioner is severely wounded.
The Executioner hits you but does no damage.
The Executioner barely misses you. The Executioner misses you.
The Executioner hits you!
You die...

..... .
..####.# .
_..## ## . . #
. .#. # #... .
.#. # ..##.
.##### #.. #..
# #.#....... .
. #.#.#.#.#.#
§. . .. ..# .
..#..#.... .##
#....###1..# .
.....# .#.@#
..# ..#..#.#
.....#########
#.### #


You could see an Executioner (fast).

Vanquished Creatures
  A bunyip (shapeshifter) (D:14)
  2 boulder beetles
  3 hydras
  An ice dragon (D:14)
  A centaur warrior (D:14)
  A death knight (D:14)
  2 two-headed ogres
  A two-headed ogre (shapeshifter) (D:13)
  A shadow wraith (D:13)
  2 unseen horrors (D:14)
  An orc knight (Bailey)
  A necromancer (D:14)
  A deep elf mage (D:14)
  An ugly thing (D:12)
  2 manticores
  2 cyclopes
  A black mamba (Lair:2)
  2 centaur zombies
  A gargoyle (D:12)
  5 cane toads
  4 centaur skeletons
  2 kobold demonologists (D:12)
  5 komodo dragons
  A polar bear (Lair:1)
  A jumping spider (shapeshifter) (D:14)
  4 trolls
  3 slime creatures (D:12)
  3 blink frogs (Lair:2)
  A snapping turtle (shapeshifter) (D:14)
  A wraith (D:14)
  2 shadows (D:14)
  3 vampires
  25 yaks
  2 basilisks
  2 wyverns
  Menkaure (D:7)
  A soldier ant (D:14)
  A spatial vortex (Abyss:1)
  7 water moccasins
  3 ice beasts
  A sky beast (D:6)
  2 phantoms
  4 black bears
  11 ogres
  21 orc warriors
  2 necrophages (D:11)
  7 wolves
  11 centaurs
  4 big kobolds
  12 bullfrogs
  A wyvern skeleton (D:8)
  2 scorpions
  11 wights
  8 howler monkeys
  4 starcursed masses (Abyss:1)
  10 hounds
  2 bullfrog zombies
  A quasit (D:6)
  13 orc priests
  19 orc wizards
  A bullfrog skeleton (D:8)
  4 iguanas
  10 worker ants
  A hound zombie (D:11)
  A hound skeleton (D:6)
  A worker ant zombie (D:10)
  8 gnolls (D:6)
  10 adders
  A shadow imp (D:5)
  An ufetubus (D:10)
  An ooze (D:5)
  4 adder skeletons
  4 worms
  4 dart slugs
  9 leopard geckos
  71 orcs
  2 ball pythons
  6 bats
  2 bat zombies (D:6)
  4 giant cockroaches
  18 goblins
  8 hobgoblins
  15 jackals
  18 kobolds
  2 quokkas
  4 frilled lizards
  A jackal zombie (D:5)
  A leopard gecko zombie (D:8)
  6 rats
  3 rat zombies (D:6)
471 creatures vanquished.

Vanquished Creatures (collateral kills)
  2 centaurs (D:12)
2 creatures vanquished.

Vanquished Creatures (others)
  A centaur warrior (D:12)
  A centaur zombie (D:11)
  A centaur skeleton (D:11)
  39 fungi
  41 plants
  4 withered plants (D:11)
87 creatures vanquished.

Grand Total: 560 creatures vanquished

Notes
Turn   | Place    | Note
-------+----------+-------------------------------------------
     0 | D:1      | Meder the Gargoyle Earth Elementalist began the quest for
                  | the Orb.
     0 | D:1      | Reached XP level 1. HP: 10/10 MP: 3/3
   322 | D:1      | Reached XP level 2. HP: 15/15 MP: 1/5
   329 | D:1      | Reached skill level 4 in Earth Magic
  1052 | D:2      | Reached XP level 3. HP: 19/19 MP: 1/7
  1056 | D:2      | Learned a level 3 spell: Stone Arrow
  1159 | D:2      | Found a faded altar of an unknown god.
  1571 | D:2      | Reached skill level 1 in Conjurations
  1608 | D:2      | Reached XP level 4. HP: 24/24 MP: 6/8
  1757 | D:2      | Found a shadowy altar of Dithmenos.
  2595 | D:3      | Reached skill level 5 in Earth Magic
  2595 | D:3      | Reached XP level 5. HP: 7/28 MP: 0/10
  2929 | D:3      | Learned a level 5 spell: Lee's Rapid Deconstruction
  3132 | D:3      | Noticed an ogre
  3137 | D:3      | Killed an ogre
  3138 | D:3      | Reached XP level 6. HP: 32/32 MP: 5/11
  3294 | D:3      | Found a snail-covered altar of Cheibriados.
  3301 | D:3      | Found an iron altar of Okawaru.
  3305 | D:3      | Found a shimmering blue altar of Sif Muna.
  3464 | D:3      | Found a hazy altar of Hepliaklqana.
  4093 | D:4      | Reached skill level 6 in Earth Magic
  4188 | D:4      | Found a white marble altar of Elyvilon.
  4225 | D:4      | Reached XP level 7. HP: 36/36 MP: 7/13
  4364 | D:4      | Got a fading mace
  4365 | D:4      | Identified the +5 mace "Qitzatid" {freeze, rElec Str-3
                  | Dex+4 SInv} (You found it on level 4 of the Dungeon)
  4717 | D:5      | Entered Level 5 of the Dungeon
  5368 | D:5      | Found a hide-covered altar of Uskayaw.
  5408 | D:5      | Reached skill level 7 in Earth Magic
  5413 | D:5      | Reached skill level 5 in Spellcasting
  5706 | D:6      | Reached XP level 8. HP: 30/41 MP: 9/15
  5710 | D:6      | Reached skill level 5 in Conjurations
  5828 | D:6      | Found an ancient bone altar of Kikubaaqudgha.
  6142 | D:6      | Found a staircase to the Ecumenical Temple.
  6150 | Temple   | Entered the Ecumenical Temple
  6265 | Temple   | Became a worshipper of Vehumet
  6545 | D:6      | Reached skill level 8 in Earth Magic
  7176 | D:7      | Noticed Menkaure
  7181 | D:7      | Killed Menkaure
  7182 | D:7      | Reached XP level 9. HP: 45/45 MP: 10/18
  7582 | D:7      | Found a transporter.
  7584 | D:7      | Noticed a moth of wrath
  7584 | D:7      | Noticed Perttuleena's ghost (novice TrAK)
  7616 | D:7      | Found a transporter.
  7775 | D:7      | Found a glowing silver altar of Zin.
  7775 | D:7      | Found an opulent altar of Gozag.
  7903 | D:8      | Reached skill level 9 in Earth Magic
  8063 | D:8      | Reached * piety under Vehumet
  8063 | D:8      | Offered knowledge of Magic Dart by Vehumet.
  8241 | D:8      | Found a stormy altar of Qazlal.
  8287 | D:8      | Gained mutation: Your spells are a little harder to cast,
                  | but a little more powerful. [potion of mutation]
  8287 | D:8      | Gained mutation: Your natural rate of healing is unusually
                  | fast. [potion of mutation]
  8287 | D:8      | Gained mutation: Your large and strong wings let you fly
                  | indefinitely. [potion of mutation]
  8287 | D:8      | Gained mutation: Your flesh is heat resistant. (rF+)
                  | [potion of mutation]
  8376 | D:8      | Found Erits's Book Shoppe.
  8595 | D:8      | Reached skill level 1 in Armour
  8710 | D:8      | Found a shimmering altar of Xom.
  8744 | D:8      | Found a burning altar of Makhleb.
  8852 | D:9      | Noticed a two-headed ogre
  8855 | D:9      | Reached skill level 1 in Fighting
  8855 | D:9      | Reached skill level 1 in Maces & Flails
  8909 | D:9      | Reached skill level 1 in Evocations
  8919 | D:9      | Offered knowledge of Foxfire by Vehumet.
  9020 | D:8      | Reached ** piety under Vehumet
  9249 | D:9      | Reached XP level 10. HP: 48/53 MP: 5/20
  9433 | D:9      | Found Ruwineq's Gadget Emporium.
  9521 | D:9      | Killed a two-headed ogre
  9760 | D:9      | Found a staircase to the Orcish Mines.
  9940 | D:10     | Entered Level 10 of the Dungeon
  9990 | D:10     | Reached skill level 10 in Earth Magic
 10005 | D:10     | Offered knowledge of Conjure Flame by Vehumet.
 10125 | D:10     | Found Jefel's Book Shop.
 10192 | D:10     | Found a flagged portal.
 10194 | D:10     | Reached *** piety under Vehumet
 10202 | Bailey   | Entered a bailey
 11125 | Bailey   | Offered knowledge of Static Discharge by Vehumet.
 11310 | Bailey   | Noticed an orc knight
 11316 | Bailey   | Killed an orc knight
 12106 | D:10     | Found a bloodstained altar of Trog.
 12207 | D:10     | Reached XP level 11. HP: 61/61 MP: 17/22
 12244 | D:10     | Learned a level 5 spell: Fireball
 12520 | D:10     | Learned a level 2 spell: Passwall
 12768 | D:11     | Reached skill level 1 in Fire Magic
 13027 | D:11     | Reached skill level 5 in Fighting
 13166 | D:11     | Found a staircase to the Lair.
 13171 | D:11     | Noticed a six-headed hydra
 13190 | D:11     | Reached **** piety under Vehumet
 13191 | D:11     | Killed a six-headed hydra
 13311 | D:11     | Offered knowledge of Fulminant Prism by Vehumet.
 13844 | D:12     | Identified a scroll of acquirement
 13844 | D:12     | Acquired 746 gold pieces
 13885 | D:12     | Noticed a centaur warrior
 14150 | D:12     | Noticed a soul eater
 14151 | D:12     | Reached skill level 5 in Armour
 14415 | D:12     | Noticed a boulder beetle
 14664 | D:12     | Noticed a purple ugly thing
 14845 | D:12     | Killed a boulder beetle
 14953 | D:12     | Reached XP level 12. HP: 42/71 MP: 18/24
 15190 | D:12     | Noticed a two-headed ogre
 15198 | D:12     | Killed a two-headed ogre
 15199 | D:12     | Reached skill level 11 in Earth Magic
 15494 | D:12     | Reached skill level 5 in Maces & Flails
 15527 | D:12     | Reached ***** piety under Vehumet
 15643 | D:12     | Offered knowledge of Irradiate by Vehumet.
 15652 | D:12     | Learned a level 5 spell: Irradiate
 16225 | D:13     | Reached skill level 5 in Fire Magic
 16365 | D:13     | You fall into a shaft and drop 2 floors!
 16365 | D:15     | Entered Level 15 of the Dungeon
 16489 | D:14     | Noticed a death knight
 16538 | D:14     | Killed a death knight
 16737 | D:14     | Noticed a centaur warrior
 16740 | D:14     | Killed a centaur warrior
 16741 | D:14     | Reached skill level 5 in Dodging
 16741 | D:14     | Reached skill level 5 in Evocations
 17282 | D:14     | Noticed a five-headed hydra
 17288 | D:14     | Killed a five-headed hydra
 17349 | D:14     | Noticed a bunyip
 17361 | D:14     | Killed a bunyip
 17362 | D:14     | Reached XP level 13. HP: 32/78 MP: 10/25
 17886 | D:14     | Noticed an ice dragon
 17889 | D:14     | Killed an ice dragon
 17920 | D:13     | Reached skill level 10 in Conjurations
 18283 | D:14     | Found a gate to the Vaults.
 18761 | Lair:1   | Entered Level 1 of the Lair of Beasts
 18762 | Lair:1   | Upgraded the game from 0.26-a0-830-g2a559e7be2 to
                  | 0.26-a0-833-g7262b39652
 19368 | Lair:1   | You fall into a shaft and drop 1 floor!
 19613 | Lair:2   | Reached skill level 12 in Earth Magic
 21037 | Lair:3   | Noticed Sonja
 21038 | Lair:3   | Cast into level 1 of the Abyss (Sonja)
 21039 | Abyss:1  | Noticed a Hell Sentinel
 21133 | Abyss:1  | Found a corrupted altar of Lugonu.
 21148 | Abyss:1  | Noticed a starcursed mass
 21190 | Abyss:1  | Noticed a starcursed mass
 21228 | Abyss:1  | Found a corrupted altar of Lugonu.
 21228 | Abyss:1  | Found a radiant altar of Vehumet.
 21298 | Abyss:1  | Noticed an Executioner
 21306 | Abyss:1  | Slain by an Executioner

Illustrated notes

Levels and vault maps discovered:
D:1:      psy_arrival_whirlpool, layout_loops_ring
D:2:      minmay_thinvault, layout_loops_ring,
          nicolae_dithmenos_through_a_glass_darkly,
          chequers_ecumenical_altar_simple_redux, minmay_misc_feat_enclosed
D:3:      layout_rooms, marbit_many_paths, minitemple
D:4:      layout_gridville, elyvilon_altar_5
D:5:      layout_loops_cross, nicolae_overflow_crystal_walls
D:6:      layout_rooms, lemuel_zombie_altar_kikubaaqudgha,
          minmay_temple_entry_enclosed_plants, minmay_alternating_orb
D:7:      layout_gridville, grunt_temple_overflow_gold_and_silver,
          gammafunk_ghost_berserking_beasts, minivault_26, uniq_menkaure
D:8:      layout_cave_pools, nicolae_qazlal_style_of_elements,
          lemuel_coloured_pillars_altar, basic_altar, serial_shops,
          nicolae_shop_trees
D:9:      layout_cave_pools, david_orc_4, serial_shops, nicolae_shop_waterfront
D:10:     minmay_goldmine, layout_loops_corners, serial_shops,
          nicolae_shop_statue_plus, enter_bailey_3, lemuel_altar_in_water
D:11:     layout_irregular_city, due_lair_maze_entry_diamond, serial_undead,
          serial_undead_b, serial_undead_f, serial_undead_d, serial_undead_b,
          lemuel_flame_loot_1
D:12:     layout_stronghold
D:13:     layout_cave_pools
D:14:     layout_long_grid, david_vaults_4
D:15:     hangedman_depths_entry_try_elsewhere_first, layout_layer_cave,
          nicolae_ru_path_of_blood
Temple:   kb_corrupted_temple
Lair:1:   layout_regular_city, lemuel_fruit_fields, grunt_megastairs_5,
          infiniplex_staircase_pool
Lair:2:   layout_hall_layers, grunt_megastairs_3
Lair:3:   layout_cave_pods, minmay_shoals_entry_centaurs,
          portal_ice_cave_entry_imps, nicolae_quartered_pool_medium,
          grunt_forest_large_clearings, lemuel_fruit_tree, lemuel_fruit_fields,
          minmay_lair_oklob_chamber, uniq_sonja
Abyss:1:  base: D:3, hangedman_cross_veins

Skill      XL: |  1  2  3  4  5  6  7  8  9 10 11 12 13 |
---------------+----------------------------------------+-----
Earth Magic    | 4 5 6 7 8 9 10 11 12 | 12.1
Conjurations   | 1 2 3 4 6 7 8 9 10 | 10.3
Spellcasting   | 3 4 5 6 7 8 9 |  9.4
Armour         | 2 4 5 6 |  6.0
Fighting       | 2 4 6 8 9 |  9.7
Maces & Flails | 1 3 4 5 6 |  6.8
Dodging        | 2 3 4 5 |  5.9
Evocations     | 1 3 4 5 6 |  6.1
Fire Magic     | 4 6 7 |  7.9
Stealth        | |  2.1
Transmutations | |  0.7

Action                   |  1- 3 |  4- 6 |  7- 9 | 10-12 | 13-15 || total
-------------------------+-------+-------+-------+-------+-------++-------
Melee: Dagger            |    12 |       |       |       |       ||    12
       Club              |     8 |       |       |       |       ||     8
       Mace              |   112 |   114 |     5 |       |    11 ||   242
       Flail             |       |     7 |   337 |   425 |    27 ||   796
       Morningstar       |       |       |       |       |   103 ||   103
 Cast: Sandblast         |    16 |    54 |    59 |    53 |     5 ||   187
       Stone Arrow       |       |     4 |    16 |    96 |    47 ||   163
       Lee's Rapid Decon |       |       |    12 |    38 |    20 ||    70
       Fireball          |       |       |       |    27 |    33 ||    60
       Passwall          |       |       |       |     8 |       ||     8
       Irradiate         |       |       |       |       |     5 ||     5
Evoke: Wand              |       |       |     6 |    25 |     5 ||    36
       Phantom mirror    |       |       |       |     1 |     1 ||     2
  Use: Potion            |       |     2 |     2 |     8 |     5 ||    17
       Scroll            |       |    12 |    15 |    10 |     6 ||    43
 Stab: Sleeping          |     4 |     7 |     3 |     2 |     1 ||    17
       Paralysed         |       |       |       |    13 |       ||    13
Armor: Robe              |    76 |    54 |   283 |   210 |       ||   623
       Troll leather arm |       |       |       |    30 |   149 ||   179
Dodge: Dodged            |   135 |   111 |   427 |   400 |   186 ||  1259

Table legend: (Time is in decaauts)
 A = Elapsed time spent in this place.
 B = Non-inter-level travel time spent in this place.
 C = Inter-level travel time spent in this place.
 D = Time resting spent in this place.
 E = Time spent auto-exploring this place.
 F = Levels seen in this place.
 G = Mean time per level.
                   A        B        C        D        E       F      G
               +--------+--------+--------+--------+--------+-----+--------+
         Total |  21641 |  20860 |    781 |   5435 |  10790 |  21 | 1030.5 |
       Dungeon |  17438 |  16765 |    673 |   4325 |   8587 |  15 | 1162.5 |
        Temple |    135 |     96 |     39 |      0 |     95 |   1 |  135.0 |
          Lair |   2293 |   2225 |     68 |     66 |   1861 |   3 |  764.3 |
         Abyss |    252 |    252 |      0 |    112 |      0 |   1 |  252.0 |
        Bailey |   1521 |   1521 |      0 |    932 |    247 |   1 | 1521.0 |
               +--------+--------+--------+--------+--------+-----+--------+

Top non-repeatable levels by time:
    D:12: 2066 daAuts
    D:14: 1889 daAuts
     D:2: 1599 daAuts
  Bailey: 1521 daAuts
     D:6: 1396 daAuts
  Lair:2: 1308 daAuts
     D:3: 1287 daAuts
    D:11: 1255 daAuts
    D:10: 1202 daAuts
     D:8: 1042 daAuts
     D:1: 994 daAuts
  Lair:1: 984 daAuts
     D:9: 977 daAuts
     D:5: 971 daAuts
     D:4: 938 daAuts
